 Dungeon Crawl Stone Soup version 0.28-a0-983-g1de4e0787c (webtiles) character file.

Game seed: 6384412527875011501

798 Zonian the Cutter (level 7, -2/82 HPs)
             Began as a Demonspawn Gladiator on Dec 3, 2021.
             Was a Follower of Uskayaw.
             Slain by an orc warrior (10 damage)
             ... on level 5 of the Dungeon.
             The game lasted 00:12:33 (6402 turns).

Zonian the Cutter (Demonspawn Gladiator)            Turns: 6402, Time: 00:12:34

Health: -2/82      AC: 23    Str: 14    XL:     7   Next: 58%
Magic:  7/7        EV:  2    Int:  9    God:    Uskayaw [*.....]
Gold:   166        SH:  5    Dex: 17    Spells: 6/6 levels left

rFire   . . .      SeeInvis .   a - +0 rapier
rCold   . . .      Faith    .   (no shield)
rNeg    . . .      Spirit   .   (armour currently unavailable)
rPois   +          Reflect  +   (helmet currently unavailable)
rElec   .          Harm     .   (cloak currently unavailable)
rCorr   +          Rampage  .   (gloves currently unavailable)
Will    .....      NoTele   +   (boots currently unavailable)
Stlth   +++.......              j - amulet of reflection
HPRegen 0.23/turn               i - ring of resist corrosion
MPRegen 0.10/turn               d - +4 ring of evasion

@: tree-form
A: stationary, stasis, torment immunity, boosted hp, (antennae 1), (large bone
plates 1)
a: Renounce Religion, Stomp


You were on level 5 of the Dungeon.
You worshipped Uskayaw.
Uskayaw was noncommittal.
You were a tree.
You visited 1 branch of the dungeon, and saw 5 of its levels.

You collected 166 gold pieces.

Inventory:

Hand Weapons
 a - a +0 rapier (weapon)
 m - a +0 morningstar
Armour
 b - a +2 leather armour (melded)
 c - a +0 helmet
 g - a +2 pair of boots (melded)
Jewellery
 d - a +4 ring of evasion (right branch)
 i - a ring of resist corrosion (left branch)
 j - an amulet of reflection (around neck)
Scrolls
 n - 4 scrolls of identify


   Skills:
 + Level 4.4 Fighting
 + Level 4.8 Short Blades
 - Level 2.0 Throwing
 - Level 0.1 Armour
 + Level 4.7 Dodging
 + Level 3.8 Stealth


You had 6 spell levels left.
You didn't know any spells.
Your spell library was empty.

Dungeon Overview and Level Annotations

Branches:
Dungeon (5/15)
 Temple: D:4-7

Altars:
Kikubaaqudgha
Okawaru
Sif Muna
Uskayaw
Xom

Shops:
D:2 (

Annotations:
D:4 Blork the orc, Dowan, Duvessa


Innate Abilities, Weirdness & Mutations

You are a tree.
Your roots penetrate the ground, keeping you stationary.
You cannot be teleported.
You are immune to unholy pain and torment.
Your maximum health is greatly increased.
Your equipment is partially melded.
((You have a pair of small antennae on your head.))
((You are partially covered in large bone plates. (SH +4)))


Message History

The orc barely misses the orc warrior.
Throw: throwing net
Press: ? - help, Q - select action, (/) - cycle Shift-Dir - straight line, f/p - orc warrior
Aim: an orc warrior, wielding a +0 long sword, wearing a +0 plate armour and quivering stones (moderately wounded, 63% to hit)
You throw a throwing net.
The throwing net barely misses the orc warrior.
The throwing net hits the orc.
The orc is caught in the net!
The orc is moderately wounded.
You block the orc warrior's attack.
Okay, then.
Really quaff the potion of lignification?
You turn into a tree.
Your +2 pair of boots melds into your body.
Your +2 leather armour melds into your body.
Your roots penetrate the ground.
The orc seems less confused.
The orc struggles against the net.
The orc warrior hits you with a +0 long sword.
* * * LOW HITPOINT WARNING * * *
You hit the orc warrior but do no damage.
The orc warrior is moderately wounded.
The orc is no longer blind.
The orc struggles against the net.
You block the orc warrior's attack.
You hit the orc warrior but do no damage.
The orc warrior is moderately wounded.
The orc struggles against the net.
The orc warrior hits you but does no damage.
You barely miss the orc warrior.
The orc warrior is moderately wounded.
The orc is no longer blind.
The orc struggles against the net.
You block the orc warrior's attack.
You hit the orc warrior.
The orc warrior is moderately wounded.
The orc struggles against the net.
The orc warrior hits you but does no damage.
You closely miss the orc warrior.
The orc warrior is moderately wounded.
The orc struggles against the net.
The net rips apart, and the orc comes free!
The orc warrior hits you with a +0 long sword!
You die...

#######
......######
...........#######
..###'###...oooo♣#
#.# #.# #.########
#.###.###.#
..o.._###o#
..###.###.# #.#
#.# #.#
#.###'###o#
#..o..o...#
####.######


You could see an orc warrior and 3 orcs.

Vanquished Creatures
  Menkaure (D:4)
  A black bear (D:5)
  A necrophage (D:5)
  2 scorpions
  A centaur zombie (D:4)
  5 hounds
  2 bullfrog skeletons (D:5)
  An iguana (D:4)
  A hound skeleton (D:4)
  6 adders
  A white imp (D:5)
  An adder skeleton (D:4)
  2 dart slugs
  3 orcs
  9 ball pythons
  3 bats
  8 endoplasms
  5 giant cockroaches
  9 goblins
  5 hobgoblins
  6 jackals
  A quokka (D:2)
  3 frilled lizards
  9 kobolds
  3 rats
89 creatures vanquished.

Notes
Turn   | Place    | Note
-------+----------+-------------------------------------------
     0 | D:1      | Zonian the Demonspawn Gladiator began the quest for the
                  | Orb.
     0 | D:1      | Reached XP level 1. HP: 16/16 MP: 1/1
   147 | D:1      | Gained mutation: You have a pair of small antennae on your
                  | head. [demonic ancestry]
   147 | D:1      | Reached XP level 2. HP: 11/22 MP: 2/2
  1159 | D:1      | Reached XP level 3. HP: 26/27 MP: 3/3
  1637 | D:2      | Found Noeghe's Antique Weapon Shoppe.
  2105 | D:3      | Reached skill level 1 in Stealth
  2376 | D:3      | Reached XP level 4. HP: 29/34 MP: 4/4
  3115 | D:4      | Noticed Blork the orc
  3116 | D:4      | Noticed Duvessa
  3716 | D:4      | Noticed Dowan
  3758 | D:4      | Reached XP level 5. HP: 40/40 MP: 5/5
  4588 | D:4      | Noticed Menkaure
  4610 | D:5      | Entered Level 5 of the Dungeon
  4832 | D:5      | Reached XP level 6. HP: 22/47 MP: 6/6
  5348 | D:5      | Found a hide-covered altar of Uskayaw.
  5372 | D:5      | Found an iron altar of Okawaru.
  5380 | D:5      | Found a shimmering blue altar of Sif Muna.
  5380 | D:5      | Found a shimmering altar of Xom.
  5383 | D:5      | Found an ancient bone altar of Kikubaaqudgha.
  5415 | D:5      | Gained mutation: You are partially covered in large bone
                  | plates. (SH +4) [demonic ancestry]
  5415 | D:5      | Reached XP level 7. HP: 39/53 MP: 7/7
  5775 | D:5      | Became a worshipper of Uskayaw the Reveller
  5892 | D:5      | Reached * piety under Uskayaw
  5906 | D:5      | Reached ** piety under Uskayaw
  5998 | D:4      | Killed Menkaure
  5998 | D:4      | Reached *** piety under Uskayaw
  6402 | D:5      | Slain by an orc warrior

Illustrated notes

Levels and vault maps discovered:
D:1:      minmay_arrival_hallway, layout_basic
D:2:      layout_loops_ring, serial_shops, nicolae_shop_behind_doors
D:3:      layout_loops_ring, serial_bayou_pond_d
D:4:      layout_rooms, zin_statuary, uniq_duvessa, uniq_menkaure,
          uniq_blork_the_orc
D:5:      layout_basic, lemuel_doored_altar, grunt_temple_overflow_open,
          minmay_temple_entry_wispy

Skill      XL: |  1  2  3  4  5  6  7 |
---------------+----------------------+-----
Dodging        | 3 4 |  4.7
Short Blades   | 3 4 |  4.8
Throwing       | 2 |  2.0
Stealth        | 1 2 3 |  3.8
Fighting       | 3 4 |  4.4
Armour         | |  0.1

Action                   |  1- 3 |  4- 6 |  7- 9 || total
-------------------------+-------+-------+-------++-------
Melee: Rapier            |   157 |   174 |    80 ||   411
Throw: Throwing net      |       |     3 |     1 ||     4
       Dart              |       |       |     5 ||     5
Invok: Line Pass         |       |       |     1 ||     1
  Use: Scroll            |     6 |     3 |     2 ||    11
       Potion            |       |     1 |     5 ||     6
 Stab: Sleeping          |     6 |     5 |       ||    11
       Invisible         |       |       |     1 ||     1
       Paralysed         |       |       |     1 ||     1
Armor: Leather armour    |    47 |    78 |    15 ||   140
       Skin              |       |       |     2 ||     2
Dodge: Dodged            |    92 |   125 |    33 ||   250
Block: Other             |       |    22 |    21 ||    43
       Reflection        |       |     2 |       ||     2

Table legend: (Time is in decaauts)
 A = Elapsed time spent in this place.
 B = Non-inter-level travel time spent in this place.
 C = Inter-level travel time spent in this place.
 D = Time resting spent in this place.
 E = Time spent auto-exploring this place.
 F = Levels seen in this place.
 G = Mean time per level.
                   A        B        C        D        E       F      G
               +--------+--------+--------+--------+--------+-----+--------+
         Total |   6413 |   6275 |    138 |   2908 |   2045 |   5 | 1282.6 |
       Dungeon |   6413 |   6275 |    138 |   2908 |   2045 |   5 | 1282.6 |
               +--------+--------+--------+--------+--------+-----+--------+

Top non-repeatable levels by time:
     D:3: 1487 daAuts
     D:4: 1434 daAuts
     D:1: 1396 daAuts
     D:5: 1388 daAuts
     D:2: 707 daAuts
